 Dungeon Crawl Stone Soup version 0.28-a0-1235-g7c8fac35f0 (webtiles) character file.

Game seed: 12332321993071663621

41 ChaosChampion the Skirmisher (level 3, 0/37 HPs)
             Began as an Ogre Warper on Dec 25, 2021.
             Succumbed to an adder's poison
             ... on level 1 of the Dungeon.
             The game lasted 00:00:58 (1195 turns).

ChaosChampion the Skirmisher (Ogre Warper)          Turns: 1195, Time: 00:00:59

Health: 0/37       AC:  3    Str: 17    XL:     3   Next: 52%
Magic:  7/7        EV:  9    Int: 14    God:
Gold:   36         SH:  0    Dex:  8    Spells: 8/8 levels left

rFire   . . .      SeeInvis .   a - +1 mace
rCold   . . .      Faith    .   (no shield)
rNeg    . . .      Spirit   .   b - +0 robe
rPois   .          Reflect  .   (helmet restricted)
rElec   .          Harm     .   (no cloak)
rCorr   .          Rampage  .   (gloves unavailable)
Will    .....                   (boots unavailable)
Stlth   +.........              (no amulet)
HPRegen 0.12/turn               (no ring)
MPRegen 0.10/turn               (no ring)

@: lethally poisoned (0 -> -2)
A: large, unfitting armour, tough skin 1
a: no special abilities


You were on level 1 of the Dungeon.
You visited 1 branch of the dungeon, and saw 2 of its levels.

You collected 36 gold pieces.

Inventory:

Hand Weapons
 a - a +1 mace (weapon)
Missiles
 d - 5 boomerangs of dispersal
 f - 3 boomerangs
 j - a poisoned dart (quivered)
Armour
 b - a +0 robe (worn)
Scrolls
 c - a scroll of blinking
 g - a scroll of identify {unknown}
 h - a scroll of fear {unknown}
 i - a scroll of noise {unknown}


   Skills:
 + Level 3.4 Fighting
 + Level 2.2 Maces & Flails
 - Level 1.0 Throwing
 - Level 2.1 Dodging
 + Level 3.0 Spellcasting
 + Level 3.0 Translocations


You had 8 spell levels left.
You didn't know any spells.
Your spell library contained the following spells:

 Spells                   Type           Power      Damage    Failure   Level
 Blink                    Tloc           20%        N/A       9%          2
 Gell's Gravitas          Tloc           10%        N/A       19%         3
 Lesser Beckoning         Tloc           10%        N/A       19%         3
 Teleport Other           Tloc           10%        N/A       19%         3
 Manifold Assault         Tloc           10%        N/A       86%         5


Dungeon Overview and Level Annotations

Branches:
Dungeon (2/15)

Altars:


Innate Abilities, Weirdness & Mutations

You are too large for most types of armour.
You have tough skin. (AC +1)


Message History

You feel sick.
You feel sick.
You are no longer poisoned.
The adder bites you.
There is a stone staircase leading up here.
The adder closely misses you. The kobold hits you with a +0 dagger.
* * * LOW HITPOINT WARNING * * *
You climb upwards.
There is a stone staircase leading down here.
The adder bites you.
* * * LOW HITPOINT WARNING * * *
You are lethally poisoned!
The adder poisons you!
You see here a +0 short sword.
* * * LOW HITPOINT WARNING * * *
You feel sick.
* * * LOW HITPOINT WARNING * * *
You feel sick.
You don't know any spells.
You don't know any spells.
You don't know any spells.
You don't know any spells.
You don't know any spells.
You don't know any spells.
As you read the scroll labelled HOMYUH KUFUANK, it crumbles to dust.
It is a scroll of enchant weapon.
Your +0 mace glows red for a moment.
* * * LOW HITPOINT WARNING * * *
You feel sick. The adder barely misses you. The adder bites you.
* * * LOW HITPOINT WARNING * * *
You are too injured to fight recklessly!
You are too injured to fight recklessly!
You are too injured to fight recklessly!
You thump the adder!
You kill the adder!
* * * LOW HITPOINT WARNING * * *
You feel sick.
Your Spellcasting skill increases to level 3!
You barely miss the kobold.
You die...

#.#####.######..####.....#
#>..............# #..####
#####.....#####.# #..#
######............# #..#
.............[##### #..#
##............# #..#
##..###.......# #..#
.....###...#..########..#
.....# ##.....)K@.......#
.....#######.>########.##
.....##................#
.............###########
#######.###### .# #.# .#
#.# .# #.# .# #.#


You could see a kobold.

Vanquished Creatures
  A gnoll (D:1)
  An adder (D:1)
  A dart slug (D:1)
  2 endoplasms (D:1)
  3 goblins (D:1)
  2 hobgoblins (D:1)
  A jackal (D:1)
  3 ball pythons (D:1)
  2 bats (D:1)
  2 frilled lizards (D:1)
  2 rats (D:1)
20 creatures vanquished.

Notes
Turn   | Place    | Note
-------+----------+-------------------------------------------
     0 | D:1      | ChaosChampion the Ogre Warper began the quest for the Orb.
     0 | D:1      | Reached XP level 1. HP: 22/22 MP: 3/3
    63 | D:1      | HP: 1/22 [frozen (4)]
   369 | D:1      | Reached XP level 2. HP: 26/29 MP: 5/5
   788 | D:1      | Reached XP level 3. HP: 28/37 MP: 7/7
  1194 | D:1      | HP: 1/37 [poisoned by an adder]
  1195 | D:1      | Succumbed to an adder's poison

Illustrated notes

Levels and vault maps discovered:
D:1:      mrwooster_arrival_arrow, layout_loops_ring
D:2:      layout_rooms, chequers_ecumenical_altar_lobes

Skill      XL: |  1  2  3 |
---------------+----------+-----
Maces & Flails | 2 |  2.2
Fighting       | 3 |  3.4
Translocations | 3 |  3.0
Spellcasting   | 3 |  3.0
Throwing       | |  1.0
Dodging        | |  2.1

Action                   || total
-------------------------++-------
Melee: Mace              ||    63
Throw: Dart              ||     3
  Use: Scroll            ||     1
Armor: Robe              ||    26
Dodge: Dodged            ||    39

Table legend: (Time is in decaauts)
 A = Elapsed time spent in this place.
 B = Non-inter-level travel time spent in this place.
 C = Inter-level travel time spent in this place.
 D = Time resting spent in this place.
 E = Time spent auto-exploring this place.
 F = Levels seen in this place.
 G = Mean time per level.
                   A        B        C        D        E       F      G
               +--------+--------+--------+--------+--------+-----+--------+
         Total |   1215 |   1206 |      9 |    286 |    727 |   2 |  607.5 |
       Dungeon |   1215 |   1206 |      9 |    286 |    727 |   2 |  607.5 |
               +--------+--------+--------+--------+--------+-----+--------+

Top non-repeatable levels by time:
     D:1: 1183 daAuts
     D:2: 31 daAuts
